 Dungeon Crawl Stone Soup version 0.21-a0-504-g2eda330 (webtiles) character file.

863 kae the Ruffian (level 7, -3/71 HPs)
             Began as a Troll Monk on Nov 25, 2017.
             Slain by a two-headed ogre
             ... wielding a +0 giant club
              (29 damage)
             ... on level 5 of the Dungeon.
             The game lasted 00:04:58 (4473 turns).

kae the Ruffian (Troll Monk)                        Turns: 4473, Time: 00:04:59

Health: -3/71      AC:  5    Str: 20    XL:     7   Next: 72%
Magic:  6/6        EV: 12    Int:  6    God:
Gold:   143        SH:  0    Dex: 14    Spells: 6/6 levels left

rFire    . . .     SeeInvis .     - Unarmed
rCold    . . .     Gourm    +   (no shield)
rNeg     . . .     Faith    .   a - +0 robe
rPois    .         Spirit   .   (helmet restricted)
rElec    .         Reflect  .   (no cloak)
rCorr    .         Harm     .   (gloves unavailable)
MR       .....                  (boots unavailable)
Stlth    ++........             (no amulet)
HPRegen  0.61/turn              (no ring)
MPRegen  0.10/turn              (no ring)

@: no status effects
A: large, unfitting armour, claws 3, fast metabolism 3, gourmand, regeneration
1, shaggy fur 1, tough skin 2
a: no special abilities


You were on level 5 of the Dungeon.
You were full.

You visited 2 branches of the dungeon, and saw 6 of its levels.
You also visited: Sewer.

You collected 143 gold pieces.

Inventory:

Armour
 a - a +0 robe (worn)
Wands
 m - a wand of enslavement (15)
Scrolls
 c - a scroll of remove curse
 e - a scroll of immolation
 l - a scroll of magic mapping {unknown}
Potions
 d - a potion of cancellation
 f - 2 potions of heal wounds
 h - a potion of haste
 i - a potion of brilliance {unknown}
 j - 3 potions of magic {unknown}
 p - 3 potions of curing
Comestibles
 b - 3 bread rations
 g - 2 royal jellies
 o - a meat ration


   Skills:
 + Level 4.3 Fighting
 + Level 4.3 Dodging
 - Level 1.0 Stealth
 * Level 6.9 Unarmed Combat


You had 6 spell levels left.
You didn't know any spells.

Dungeon Overview and Level Annotations

Branches:
Dungeon (5/15)             Temple (1/1) D:4

Altars:
Ashenzari
Cheibriados
Dithmenos
Elyvilon
Fedhas
Gozag
Hepliaklqana
Kikubaaqudgha
Makhleb
Nemelex Xobeh
Okawaru
Qazlal
Ru
Trog
Uskayaw
Vehumet
Xom
Yredelemnul
Zin
The Shining One


Innate Abilities, Weirdness & Mutations

You are too large for most types of armour.
You have claws for hands.
Your metabolism is lightning-fast.
You like to eat raw meat.
Your natural rate of healing is unusually fast.
You are covered in fur. (AC +1)
You have very tough skin. (AC +2)


Message History

The two-headed ogre is charmed.
Really attack your two-headed ogre?
You scratch your two-headed ogre but do no damage.
The two-headed ogre is no longer charmed.
The two-headed ogre closely misses you.
The two-headed ogre hits you with a dire flail of protection!
You mangle the two-headed ogre!!
The two-headed ogre is moderately wounded.
The two-headed ogre hits you with a giant club!!
The two-headed ogre completely misses you.
You scratch the two-headed ogre but do no damage.
The two-headed ogre is moderately wounded.
You claw the two-headed ogre!
The two-headed ogre is heavily wounded.
The two-headed ogre hits you with a giant club!!
The two-headed ogre completely misses you.
You claw the two-headed ogre!
The two-headed ogre is severely wounded.
The two-headed ogre hits you with a giant club!!
You die...

###########
#.........##
#.........###
#...$>......##
#.....$......##
#.....@O.....#
#.#..........#
#>.#..=......#
#..####......#
##.## #######
#..# #..# #..##
##..#


You could see a two-headed ogre.

Vanquished Creatures
  The ghost of vineage the Slasher, an amateur DsBe of Trog (Sewer)
  Edmund (D:3)
  A water moccasin (D:5)
  A hound (D:4)
  2 orc priests
  Natasha (D:2)
  5 orc wizards
  A worker ant (D:4)
  A gnoll (D:1)
  8 adders
  2 oozes
  3 adder skeletons
  5 worms
  A dart slug (D:3)
  4 leopard geckos
  16 orcs
  3 ball pythons
  3 giant cockroaches
  6 goblins
  5 hobgoblins
  17 jackals
  13 kobolds
  A quokka (D:4)
  10 bats
  12 frilled lizards
  9 rats
  2 plants (Sewer)
134 creatures vanquished.

Vanquished Creatures (others)
  A plant (Sewer)
1 creature vanquished.

Grand Total: 135 creatures vanquished

Notes
Turn   | Place    | Note
-------+----------+-------------------------------------------
     0 | D:1      | kae the Troll Monk began the quest for the Orb.
     0 | D:1      | Reached XP level 1. HP: 22/22 MP: 0/0
   131 | D:1      | Reached XP level 2. HP: 27/29 MP: 1/1
   148 | D:1      | HP: 1/29 [gnoll/spear (9)]
   562 | D:1      | Reached XP level 3. HP: 36/36 MP: 2/2
   983 | D:2      | Found a shattered altar of Ashenzari.
  1183 | D:2      | Noticed Natasha
  1191 | D:2      | Killed Natasha
  1191 | D:2      | Reached skill level 4 in Unarmed Combat
  1191 | D:2      | Reached XP level 4. HP: 31/45 MP: 3/3
  1827 | D:3      | Reached XP level 5. HP: 53/53 MP: 4/4
  2003 | D:3      | Found a glowing golden altar of the Shining One.
  2009 | D:3      | Found a shimmering altar of Xom.
  2012 | D:3      | Found a sparkling altar of Nemelex Xobeh.
  2408 | D:4      | Reached skill level 5 in Unarmed Combat
  2408 | D:4      | HP: 1/53 [orc wizard/puff of flame (7)]
  2601 | D:3      | Reached XP level 6. HP: 54/61 MP: 5/5
  2799 | D:4      | Noticed Edmund
  2890 | D:3      | Killed Edmund
  2977 | D:4      | Found an iron altar of Okawaru.
  3154 | D:4      | Reached skill level 6 in Unarmed Combat
  3165 | D:4      | Reached XP level 7. HP: 60/68 MP: 6/6
  3218 | D:4      | Found a staircase to the Ecumenical Temple.
  3232 | Temple   | Entered the Ecumenical Temple
  3597 | D:4      | Found an opulent altar of Gozag.
  3598 | D:4      | Found a glowing silver altar of Zin.
  3666 | D:5      | Entered Level 5 of the Dungeon
  3717 | D:5      | Found a glowing drain.
  3806 | Sewer    | Entered a sewer
  3913 | Sewer    | Noticed vineage's ghost (amateur DsBe)
  3924 | Sewer    | Killed vineage's ghost
  4465 | D:5      | Noticed a two-headed ogre
  4473 | D:5      | Slain by a two-headed ogre

Vault maps used:
D:1:      minmay_arrival_stair_chambers
D:2:      ashenzari_altar_1, uniq_natasha
D:3:      grunt_temple_overflow_diamond
D:4:      grunt_temple_overflow_gold_and_silver, okawaru_metal_pillars_3,
          minmay_temple_entry_hall, minmay_misc_feat_nine_boxes,
          solitary_fountain, serial_bayou_lagoon_a, uniq_edmund
D:5:      first_bread, cheibrodos_sewer_entry_drain
Temple:   eino_temple_water
Sewer:    sewer_co_scattered_pipes

Skill      XL: |  1  2  3  4  5  6  7 |
---------------+----------------------+-----
Fighting       | 3 4 |  4.3
Unarmed Combat | 4 5 6 |  6.9
Dodging        | 3 4 |  4.3
Stealth        | |  1.0

Action                   |  1- 3 |  4- 6 |  7- 9 || total
-------------------------+-------+-------+-------++-------
Melee: Unarmed           |   117 |   168 |   123 ||   408
       Punch             |     1 |     4 |     3 ||     8
Evoke: Wand              |       |       |     1 ||     1
  Use: Scroll            |       |     5 |     4 ||     9
       Potion            |       |     2 |       ||     2
 Stab: Sleeping          |     4 |     1 |     1 ||     6
  Eat: Chunk             |    16 |    18 |    10 ||    44
Armor: Robe              |    41 |    47 |    19 ||   107
Dodge: Dodged            |    60 |    77 |    46 ||   183

Table legend:
 A = Spawn XP
 B = Non-spawn XP
 C = Spawn XP percentage of total XP
 D = Spawn monster count
 E = Non-spawn monster count
 F = Spawn count percentage of total count
 G = Total turns spent on level
                    A         B        C        D         E        F      G
               +---------+---------+-------+---------+---------+-------+---------
         Total |       0 |    1233 |   0.0 |       0 |     132 |   0.0 |  4473
               +---------+---------+-------+---------+---------+-------+---------
           D:1 |       0 |      46 |   0.0 |       0 |      22 |   0.0 |   865
           D:2 |       0 |      75 |   0.0 |       0 |      20 |   0.0 |   620
           D:3 |       0 |     349 |   0.0 |       0 |      34 |   0.0 |  1108
           D:4 |       0 |     280 |   0.0 |       0 |      22 |   0.0 |   849
           D:5 |       0 |     218 |   0.0 |       0 |      11 |   0.0 |   200
         Sewer |       0 |     265 |   0.0 |       0 |      23 |   0.0 |   607
               +---------+---------+-------+---------+---------+-------+---------
